 Dungeon Crawl Stone Soup version 0.25.0-9-g26727b657a (webtiles) character file.

Game seed: 5329544786320854358

56 Angani the Chucker (level 3, -5/27 HPs)
             Began as a Demonspawn Hunter on June 16, 2020.
             Splashed by a kobold's acid (12 damage)
             ... on level 3 of the Dungeon.
             The game lasted 00:02:22 (1869 turns).

Angani the Chucker (Demonspawn Hunter)              Turns: 1869, Time: 00:02:23

Health: -5/27      AC:  4    Str: 13    XL:     3   Next: 69%
Magic:  0/3        EV: 12    Int: 12    God:
Gold:   108        SH:  5    Dex: 13    Spells: 2/2 levels left

rFire    . . .     SeeInvis .   a - +0 short sword
rCold    . . .     Gourm    .   (no shield)
rNeg     . . .     Faith    .   b - +0 leather armour
rPois    .         Spirit   +   (no helmet)
rElec    .         Reflect  +   g - scarf {+Inv}
rCorr    .         Harm     .   (no gloves)
MR       .....                  (no boots)
Stlth    +.........             k - amulet of reflection
HPRegen  0.09/turn              (no ring)
MPRegen  0.08/turn              (no ring)

@: no status effects
A: rugged brown scales 1, magic shield
a: Evoke Invisibility


You were on level 3 of the Dungeon.
You were not hungry.

You visited 1 branch of the dungeon, and saw 3 of its levels.

You collected 108 gold pieces.

Inventory:

Hand Weapons
 a - a +0 short sword (weapon)
Missiles
 c - 2 javelins (quivered)
 d - 2 throwing nets
 r - 25 stones
 s - 2 poisoned darts
Armour
 b - a +0 leather armour (worn)
 g - a scarf of invisibility (worn)
Jewellery
 k - an amulet of reflection (around neck)
Scrolls
 h - a scroll of identify {unknown}
 m - a scroll of remove curse {unknown}
 n - a scroll of amnesia {unknown}
 o - a scroll of enchant armour {unknown}
 p - 2 scrolls of teleportation
Potions
 e - a potion of ambrosia {unknown}
 i - 2 potions of curing {unknown}
 j - a potion of degeneration {unknown}
 l - a potion of haste {unknown}
 q - a potion of flight {unknown}
Comestibles
 f - 6 rations
 t - 5 chunks of flesh


   Skills:
 - Level 2.0 Fighting
 + Level 4.9 Throwing
 - Level 1.7 Dodging
 - Level 0.8 Stealth


You had 2 spell levels left.
You didn't know any spells.
Your spell library was empty.

Dungeon Overview and Level Annotations

Branches:
Dungeon (2/15)

Altars:


Innate Abilities, Weirdness & Mutations

You are partially covered in rugged brown scales. (AC +1, +3% HP)
When hurt, damage is shared between your health and your magic reserves.


Message History

Press: ? - help, Shift-Dir - straight line, f/p - kobold
Aim: a kobold, wielding a +0 whip and carrying a wand of acid (4)
You throw a javelin. The javelin closely misses the kobold.
Throwing (i - inventory. (/) - cycle)
c - 5 javelins (quivered)
Press: ? - help, Shift-Dir - straight line, f/p - kobold
Aim: a kobold, wielding a +0 whip and carrying a wand of acid (4)
You throw a javelin. The javelin closely misses the kobold.
Throwing (i - inventory. (/) - cycle)
c - 4 javelins (quivered)
Press: ? - help, Shift-Dir - straight line, f/p - kobold
Aim: a kobold, wielding a +0 whip and carrying a wand of acid (4)
You throw a javelin. The javelin closely misses the kobold.
Throwing (i - inventory. (/) - cycle)
c - 3 javelins (quivered)
Press: ? - help, Shift-Dir - straight line, f/p - kobold
Aim: a kobold, wielding a +0 whip and carrying a wand of acid (4)
You throw a javelin. The javelin barely misses the kobold.
The kobold zaps a wand.
The bolt of acid hits you!!
Ouch! That really hurt!
* * * LOW HITPOINT WARNING * * *
You are splashed with acid!
You die...

#######.########
+...)...........
#######.########
#.....# ####+#.#.#
#.....รท#.#
#.#####......#.#
.............#.#+###
.............#@(...#
#####.......K....#
#.....###(......
#.....+ .(.....
#.....# .......
......... ..(..(.
###########...(...
....(..


You could see a kobold.

Vanquished Creatures
  A gnoll (D:1)
  An ooze (D:1)
  2 worms (D:2)
  A giant cockroach (D:1)
  8 goblins
  3 hobgoblins (D:1)
  A quokka (D:3)
  5 bats
  4 frilled lizards
  5 kobolds
  3 rats (D:1)
34 creatures vanquished.

Notes
Turn   | Place    | Note
-------+----------+-------------------------------------------
     0 | D:1      | Angani the Demonspawn Hunter began the quest for the Orb.
     0 | D:1      | Reached XP level 1. HP: 16/16 MP: 1/1
   131 | D:1      | Reached skill level 4 in Throwing
   131 | D:1      | Gained mutation: You are partially covered in rugged brown
                  | scales. (AC +1, +3% HP) [demonic ancestry]
   131 | D:1      | Reached XP level 2. HP: 10/22 MP: 2/2
   823 | D:1      | Gained mutation: When hurt, damage is shared between your
                  | health and your magic reserves. [demonic ancestry]
   823 | D:1      | Reached XP level 3. HP: 22/27 MP: 3/3
  1681 | D:2      | You fall into a shaft and drop 1 floor!
  1869 | D:3      | Splashed by a kobold's acid

Illustrated notes

Levels and vault maps discovered:
D:1:      wander_arrival_estate, layout_basic
D:2:      layout_basic, grunt_temple_overflow_order_and_chaos_2,
          lemuel_coloured_pillars_altar, grunt_dithmenos_smoke_and_mirrors,
          first_ration, minivault_27
D:3:      layout_basic, kennysheep_ying_yang, uniq_natasha, uniq_ijyb

Skill      XL: |  1 |
---------------+----+-----
Throwing       | 4 |  4.9
Fighting       | |  2.0
Dodging        | |  1.7
Stealth        | |  0.8

Action                   || total
-------------------------++-------
Melee: Short sword       ||   132
Throw: Javelin           ||    10
       Stone             ||    15
  Use: Scroll            ||     1
  Eat: Chunk             ||     3
Armor: Leather armour    ||    44
Dodge: Dodged            ||    99
Block: Other             ||    13
